 Dungeon Crawl Stone Soup version 0.31-a0-1008-g5b978dac0e (webtiles) character file.

Game seed: 6267262751436143953

7 night the Caller (level 2, 0/16 HPs)
             Began as a Tengu Summoner on Nov 12, 2023.
             Succumbed to a kobold's poison
             ... on level 1 of the Dungeon.
             The game lasted 00:01:16 (233 turns).

night the Caller (Tengu Summoner)                    Turns: 233, Time: 00:01:17

Health: 0/16       AC:  2    Str:  8    XL:     2   Next: 4%
Magic:  5/6        EV: 27    Int: 15    God:
Gold:   21         SH:  0    Dex: 14    Spells: 4/5 levels left

rFire   . . .        c - +0 dagger
rCold   . . .        (no shield)
rNeg    . . .        a - +0 robe
rPois   .            (helmet restricted)
rElec   .            (no cloak)
rCorr   .            (no gloves)
SInv    .            (boots unavailable)
Will    .....        (no amulet)
Stlth   ++           (no ring)
HPRegen 0.22/turn    (no ring)
MPRegen 0.10/turn

%: acrobat
@: lethally poisoned (0 -> -2), acrobatic
A: beak, talons 3, acrobatic
a: no special abilities


You were on level 1 of the Dungeon.
You visited 1 branch of the dungeon, and saw 1 of its levels.

You collected 21 gold pieces.

Inventory:

Hand Weapons
 c - a +0 dagger (weapon)
Armour
 a - a +0 robe (worn)
Scrolls
 d - a scroll of teleportation {unknown}
 e - a scroll of fog {unknown}
Potions
 b - a potion of magic


   Skills:
 + Level 0.5 Fighting
 + Level 2.4 Dodging
 - Level 2.0 Stealth
 + Level 2.1 Spellcasting
 + Level 4.9 Summonings


You had 4 spell levels left.
You knew the following spells:

 Your Spells              Type           Power      Damage    Failure   Level
a - Summon Small Mammal   Summ           64%        N/A       2%          1

Your spell library contained the following spells:

 Spells                   Type           Power      Damage    Failure   Level
 Call Imp                 Summ           32%        N/A       4%          2
 Call Canine Familiar     Summ           16%        N/A       9%          3
 Summon Guardian Golem    Hex/Summ       9%         N/A       24%         3
 Lesser Beckoning         Tloc           2%         N/A       32%         2
 Gell's Gravitas          Tloc           1%         N/A       54%         3
 Teleport Other           Tloc           1%         N/A       54%         3
 Summon Lightning Spire   Summ/Air       9%         N/A       61%         4


Dungeon Overview and Level Annotations

Branches:
Dungeon (1/15)

Altars:


Innate Abilities, Weirdness & Mutations

You have a beak for a mouth.
You have claws for feet.
You can magically evade attacks while moving or waiting.


Message History

Your quokka disappears in a puff of smoke!
A bat comes into view.
Your bat disappears in a puff of smoke!
The helpless bat fails to defend itself.
You puncture the bat!
You kill the bat!
A kobold comes into view. It is wielding a +0 dagger.
Found a scroll labelled VAKKAU LABOKK.
A kobold comes into view.
It is wielding a +1 short sword of venom.
The helpless kobold fails to defend itself.
You hit the kobold.
You kill the kobold!
You have reached level 2!
A ball python comes into view.
The kobold shouts!
Casting: Summon Small Mammal (safe; 2% risk of failure)
Confirm with . or Enter, or press ? or * to list all spells.
The kobold hits you with a +1 short sword of venom.
You are poisoned.
Unknown command.
You barely miss the kobold.
You feel very sick.
The kobold hits you with a +1 short sword of venom.
Your bat hits the kobold. You hit the kobold but do no damage.
You claw the kobold.
You kill the kobold!
You feel very sick.
You feel sick.
* * * LOW HITPOINT WARNING * * *
You feel sick.
The ball python hisses angrily.
Your bat closely misses the ball python.
Okay, then.
* * * LOW HITPOINT WARNING * * *
You feel sick.
* * * LOW HITPOINT WARNING * * *
You feel sick.
* * * LOW HITPOINT WARNING * * *
You feel sick.
You die...

............##..######.##
...#####.##.##..#####...##
..#......................########
.##..###.##.##.####..............
.##..# #.##.##.##............####
.##..# #.......>..#...#....#.#
.##..# ####..#######.....#.#.#
.##..# #..########...##.#.#
.##..# #@.#.............#.#
...... #..#.#######.#####.# ##.#
#..#.# #.# #.# #..#.# #.# .#
#..#.# #.. #...)# #.# ##....# #.#
#)..b.# #.# #........S..#


You could see a friendly bat (summoned).

Vanquished Creatures
  An endoplasm (D:1)
  2 kobolds (D:1)
  A bat (D:1)
  A goblin (D:1)
5 creatures vanquished.

Vanquished Creatures (collateral kills)
  An endoplasm (D:1)
  A hobgoblin (D:1)
2 creatures vanquished.

Grand Total: 7 creatures vanquished

Notes
Turn   | Place    | Note
-------+----------+-------------------------------------------
     0 | D:1      | night the Tengu Summoner began the quest for the Orb.
     0 | D:1      | Reached XP level 1. HP: 10/10 MP: 4/4
   221 | D:1      | Reached XP level 2. HP: 16/16 MP: 6/6
   230 | D:1      | HP: 2/16 [poisoned by a kobold]
   233 | D:1      | Succumbed to a kobold's poison

Illustrated notes

Levels and vault maps discovered:
D:1:      ncdulo_smallfort, layout_loops_ring

Action                     || total
---------------------------++-------
  Melee: Dagger            ||    11
         Kick              ||     3
         Peck              ||     1
   Cast: Summon Small Mamm ||     6
   Stab: Sleeping          ||     2
 Armour: Robe              ||     5
  Dodge: Dodged            ||     5

Table legend: (Time is in decaauts)
 A = Elapsed time spent in this place.
 B = Non-inter-level travel time spent in this place.
 C = Inter-level travel time spent in this place.
 D = Time resting spent in this place.
 E = Time spent auto-exploring this place.
 F = Levels seen in this place.
 G = Mean time per level.
                   A        B        C        D        E       F      G
               +--------+--------+--------+--------+--------+-----+--------+
         Total |    232 |    219 |     13 |      0 |    136 |   1 |  232.0 |
       Dungeon |    232 |    219 |     13 |      0 |    136 |   1 |  232.0 |
               +--------+--------+--------+--------+--------+-----+--------+

Top non-repeatable levels by time:
     D:1: 232 daAuts
